 Dungeon Crawl Stone Soup version 0.30-a0-760-g5a9884bb7c (webtiles) character file.

Game seed: 5799480434577490159

91 boo the Covered (level 4, -9/40 HPs)
             Began as a Minotaur Fighter on Feb 11, 2023.
             Mangled by a gnoll
             ... wielding a +0 halberd
              (12 damage)
             ... on level 3 of the Dungeon.
             The game lasted 00:03:58 (2107 turns).

boo the Covered (Minotaur Fighter)                  Turns: 2107, Time: 00:03:59

Health: -9/40      AC:  7    Str: 23    XL:     4   Next: 34%
Magic:  0/3        EV:  9    Int:  5    God:
Gold:   84         SH:  4    Dex:  9    Spells: 3/3 levels left

rFire   . . .      SeeInvis .    a - +0 long sword
rCold   + . .      Faith    .    c - +0 buckler
rNeg    . . .      Spirit   +    b - +0 scale mail
rPois   .          Reflect  .    (helmet restricted)
rElec   .          Harm     .    (no cloak)
rCorr   .          Rampage  .    (no gloves)
Will    .....                    (no boots) Stlth
                                 e - amulet of guardian spirit
HPRegen 0.26/turn                m - ring of protection from cold
MPRegen 0.08/turn                (no ring)

@: no status effects
A: horns 2, retaliatory headbutt
a: no special abilities


You were on level 3 of the Dungeon.
You visited 1 branch of the dungeon, and saw 3 of its levels.

You collected 84 gold pieces.

Inventory:

Hand Weapons
 a - a +0 long sword (weapon)
Missiles
 j - a throwing net (quivered)
Armour
 b - a +0 scale mail (worn)
 c - a +0 buckler (worn)
Jewellery
 e - an amulet of guardian spirit (around neck)
 m - a ring of protection from cold (left hand)
Scrolls
 g - a scroll of magic mapping {unknown}
 i - a scroll of poison {unknown}
 k - 2 scrolls of teleportation
 l - a scroll of enchant armour {unknown}
 o - 2 scrolls of vulnerability {unknown}
 p - a scroll of silence {unknown}
 q - a scroll of blinking {unknown}
 r - 2 scrolls of enchant weapon {unknown}
 t - a scroll of torment {unknown}
 u - a scroll of identify {unknown}
Potions
 d - a potion of might
 f - a potion of heal wounds {unknown}
 h - a potion of magic {unknown}
 n - a potion of brilliance {unknown}
 s - a potion of flight {unknown}
 v - 2 potions of curing
 w - a potion of haste {unknown}


   Skills:
 + Level 4.2 Fighting
 * Level 4.0 Long Blades
 + Level 4.3 Armour
 + Level 4.2 Shields


You had 3 spell levels left.
You didn't know any spells.
Your spell library was empty.

Dungeon Overview and Level Annotations

Branches:
Dungeon (3/15)

Altars:

Annotations:
D:2 exclusion: 2 downstairs


Innate Abilities, Weirdness & Mutations

You have a pair of horns on your head.
You reflexively headbutt those who attack you in melee.


Message History

The gnoll hits you with a +0 halberd!
You hit the gnoll.
The gnoll is moderately wounded.
The bat barely misses you. The gnoll hits you with a +0 halberd.
The gnoll shouts!
You hit the gnoll.
The gnoll is moderately wounded.
You block the bat's attack. The gnoll hits you with a +0 halberd.
The gnoll closely misses you.
You hit the gnoll but do no damage.
You headbutt the gnoll, but do no damage.
The gnoll is moderately wounded.
The bat hits you but does no damage. The gnoll barely misses you.
The bat hits you but does no damage. The gnoll hits you with a +0 club.
The gnoll closely misses you.
You hit the gnoll.
The gnoll is heavily wounded.
The bat hits you. The gnoll hits you with a +0 halberd.
You block the gnoll's attack. The gnoll hits you with a +0 hand axe.
You are too injured to fight recklessly!
You are too injured to fight recklessly!
You are too injured to fight recklessly!
Unknown command.
You closely miss the gnoll. Your headbutt misses the gnoll.
The gnoll is heavily wounded.
The bat misses you. The bat hits you but does no damage.
The gnoll hits you but does no damage. The gnoll hits you with a +0 club.
The gnoll hits you with a +0 hand axe.
You hit the gnoll.
The gnoll is almost dead.
The bat hits you but does no damage. The gnoll hits you with a +0 hand axe.
* * * LOW HITPOINT WARNING * * *
The bat closely misses you.
You hit the gnoll. Your headbutt misses the gnoll.
The gnoll is lightly wounded.
The bat barely misses you. The gnoll hits you with a +0 hand axe!
* * * LOW HITPOINT WARNING * * *
The gnoll hits you but does no damage. You block the gnoll's attack.
The gnoll hits you with a +0 halberd!
You die...

#.# ###....#####..# #.# #.#
#.#...).....# #. #.#
#...#####...# .. #.#
#..##.##..#......## #.#
##.###....#.........
#.#########..####..##..####.#.
#..##..................###..#.
##.#..........g...............
#...........@g...##...##...#.
##..........ggb..#...>#......
#............o..#.#.........
###......[..................<.
#..........................)..
#..................).#.#......
#..................###......#.
#.........#.....##............
####.)#.......#g#########.#####


You could see 4 gnolls, an orc and a bat.

Vanquished Creatures
  2 adders
  4 worms
  2 dart slugs (D:1)
  3 orcs (D:3)
  6 bats
  An endoplasm (D:2)
  6 giant cockroaches
  5 goblins
  6 hobgoblins
  5 kobolds
  6 ball pythons
  5 frilled lizards
  4 rats
55 creatures vanquished.

Notes
Turn   | Place    | Note
-------+----------+-------------------------------------------
     0 | D:1      | boo the Minotaur Fighter began the quest for the Orb.
     0 | D:1      | Reached XP level 1. HP: 19/19 MP: 0/0
   140 | D:1      | Reached XP level 2. HP: 27/27 MP: 1/1
   821 | D:2      | Reached XP level 3. HP: 30/33 MP: 2/2
  1544 | D:3      | Reached XP level 4. HP: 40/40 MP: 3/3
  2107 | D:3      | Mangled by a gnoll

Illustrated notes

Levels and vault maps discovered:
D:1:      eino_arrival_cavern_d, layout_basic, minmay_liquid_box
D:2:      layout_basic, nicolae_concentric_dashed_squares_wild,
          minmay_misc_feat_four_crosses
D:3:      layout_rooms, minmay_misc_feat_roman, bh_walls_and_bars

Skill      XL: |  1  2  3  4 |
---------------+-------------+-----
Long Blades    | 3 4 |  4.0
Armour         | 4 |  4.3
Shields        | 4 |  4.2
Fighting       | 4 |  4.2

Action                     |  1- 3 |  4- 6 || total
---------------------------+-------+-------++-------
  Melee: Long sword        |   110 |    29 ||   139
         Headbutt          |    14 |     6 ||    20
    Use: Scroll            |     1 |       ||     1
 Armour: Scale mail        |    50 |    20 ||    70
  Dodge: Dodged            |    54 |    19 ||    73
  Block: Buckler           |    23 |    14 ||    37

Table legend: (Time is in decaauts)
 A = Elapsed time spent in this place.
 B = Non-inter-level travel time spent in this place.
 C = Inter-level travel time spent in this place.
 D = Time resting spent in this place.
 E = Time spent auto-exploring this place.
 F = Levels seen in this place.
 G = Mean time per level.
                   A        B        C        D        E       F      G
               +--------+--------+--------+--------+--------+-----+--------+
         Total |   2146 |   2045 |    101 |    349 |   1285 |   3 |  715.3 |
       Dungeon |   2146 |   2045 |    101 |    349 |   1285 |   3 |  715.3 |
               +--------+--------+--------+--------+--------+-----+--------+

Top non-repeatable levels by time:
     D:2: 1044 daAuts
     D:1: 727 daAuts
     D:3: 374 daAuts
